 Dungeon Crawl Stone Soup version 0.29-a0-344-ge2f44be95a (webtiles) character file.

Game seed: 404178064100424937

248 spaghetti the Caller (level 6, -4/28 HPs)
             Began as a Vine Stalker Summoner on Apr 22, 2022.
             Was a Plaything of Xom.
             Slain by Grinder (5 damage)
             ... on level 3 of the Dungeon.
             The game lasted 00:05:07 (3373 turns).

spaghetti the Caller (Vine Stalker Summoner)        Turns: 3373, Time: 00:05:07

Health: -4/28      AC:  4    Str: 10    XL:     6   Next: 12%
Magic:  0/10       EV: 12    Int: 17    God:    Xom [......]
Gold:   154        SH:  0    Dex: 15    Spells: 5/9 levels left

rFire   . . .      SeeInvis .   x - +3 quarterstaff (chaos) {staff}
rCold   . . .      Faith    .   (shield currently unavailable)
rNeg    . . .      Spirit   +   a - +0 robe
rPois   .          Reflect  .   (no helmet)
rElec   .          Harm     .   y - +0 cloak
rCorr   .          Rampage  .   n - +0 pair of gloves
Will    .....                   (no boots)
Stlth   ++........              (no amulet)
HPRegen 0.89/turn               (no ring)
MPRegen 0.12/turn               (no ring)

@: no status effects
A: fangs 2, regeneration 1, magic shield, antimagic bite, no potion heal 2
a: Renounce Religion


You were on level 3 of the Dungeon.
You worshipped Xom.
You were a very special plaything of Xom.
You visited 1 branch of the dungeon, and saw 3 of its levels.

You collected 154 gold pieces.


Innate Abilities, Weirdness & Mutations

You have extremely sharp teeth.
Your natural rate of healing is unusually fast.
When hurt, damage is shared between your health and your magic reserves.
Your bite disrupts and absorbs the magic of your enemies.
Potions cannot restore your health.


   Skills:
 - Level 1.5 Dodging
 - Level 2.4 Stealth
 - Level 2.1 Spellcasting
 + Level 7.2 Summonings


You had 5 spell levels left.
You knew the following spells:

 Your Spells              Type           Power      Damage    Failure   Level
a - Summon Small Mammal   Summ           100%       N/A       1%          1
b - Call Canine Familiar  Summ           26%        N/A       3%          3

Your spell library contained the following spells:

 Spells                   Type           Power      Damage    Failure   Level
 Call Imp                 Summ           26%        N/A       1%          2
 Summon Guardian Golem    Hex/Summ       14%        N/A       13%         3
 Corpse Rot               Necr/Air       2%         N/A       28%         2
 Poisonous Vapours        Pois/Air       2%         N/A       28%         2
 Summon Lightning Spire   Summ/Air       14%        N/A       41%         4
 Alistair's Intoxication  Tmut/Pois      0%         N/A       99%         5
 Borgnjor's Vile Clutch   Necr/Erth      0%         N/A       99%         5
 Eringya's Noxious Bog    Tmut/Pois      0%         N/A       100%        6

Inventory:

Hand Weapons
 c - a +0 club {mace}
   (You took it off a goblin on level 1 of the Dungeon)
 k - a +1 whip of draining {mace}
   (You found it on level 1 of the Dungeon)
 o - a +3 whip of flaming {mace}
   (You found it on level 1 of the Dungeon)
 x - a +3 quarterstaff of chaos (weapon) {staff}
   (You took it off Crazy Yiuf on level 2 of the Dungeon)
Missiles
 d - 3 atropa-tipped darts {throwing}
 h - 62 stones {throwing}
 p - 4 poisoned darts {throwing}
 q - 2 throwing nets {=f!fthrowing}
Armour
 a - a +0 robe (worn)
 n - a +0 pair of gloves (worn)
   (You found it on level 1 of the Dungeon)
 y - a +0 cloak (worn)
   (You took it off Crazy Yiuf on level 2 of the Dungeon)
Magical Staves
 u - a staff of fire {!astaff}
   (You found it on level 2 of the Dungeon)
Jewellery
 s - a ring of willpower
   (You found it on level 2 of the Dungeon)
Scrolls
 f - a scroll of identify {unknown}
 i - a scroll of enchant weapon {unknown}
 j - a scroll of vulnerability {unknown}
 m - 2 scrolls of teleportation {unknown}
 t - a scroll of noise {unknown}
 v - a scroll of immolation {unknown}
Potions
 b - a potion of magic
 e - 2 potions of curing {unknown}
 g - a potion of attraction {unknown}
 l - a potion of brilliance {unknown}
 r - a potion of haste {unknown}
 w - a potion of mutation {unknown}
 z - a potion of lignification {unknown}

Dungeon Overview and Level Annotations

Branches:
Dungeon (3/15)

Altars:
Qazlal
Xom

Annotations:
D:3 Grinder

#............##
###...###
#......#####..###....##
# #......# ##...#.#.##
######## ###.#.#.# ##
#...#^## #..
####......##
#...######.>..###...###
#...h5rb...######.#....
#....K@.....####)†#####
#...###!.#...##†.## #.
##........#######
##...............
#####.).⌠..#########.
####..........# #####..
#....####.....#
##.....# #.####
#########..##### #.#
#...##


You could see Grinder (ally target), a kobold, a friendly hound (summoned), a
friendly quokka (summoned, paralysed) and a friendly bat (summoned).


Message History

Casting: Summon Small Mammal (safe; 1% risk of failure)
Confirm with . or Enter, or press ? or * to list all spells.
Your hound bites Grinder but does no damage.
The kobold hits your hound with a +0 dagger.
Grinder hits your hound! 😕 HP[+1] MP[-1]
You lost 1 mp, and now have 5/10 mp.
Unknown command.
Your hound bites Grinder.
The kobold closely misses your hound. Grinder hits your hound.
Your hound dies!
Your hound's corpse disappears in a puff of smoke! 😎 HP[+1]
Your hp is fully restored (28).
The kobold hits you but does no damage.
Grinder zaps a wand.
The puff of flame misses you.
Unknown command.
Casting: Summon Small Mammal (safe; 1% risk of failure)
Confirm with . or Enter, or press ? or * to list all spells.
Grinder hits you!
You writhe in agony.
The kobold hits you with a +0 dagger. 😮 HP[-13] MP[-4]
You take 13 damage, and now have 15/28 hp.
MASSIVE DAMAGE!! (PAUSE)
You lost 4 mp, and now have 1/10 mp.
Okay, then.
You hit Grinder but do no damage. Your bite misses Grinder. Xom smiles on you.
Magic courses through your body.
Your hound bites Grinder.
Natasha, Servant of Life and Death comes into view.
The kobold barely misses you.
Grinder zaps a wand.
The puff of flame hits you.
* * * LOW HITPOINT WARNING * * *
Your hound barely misses Grinder. 😨 HP[-1] MP[+8]
You take 1 damage, and now have 14/28 hp.
You regained 8 mp, and now have 9/10 mp.
You closely miss Grinder. Your bite misses Grinder. Grinder hits you.
You writhe in agony.
The kobold hits you but does no damage.
Your hound bites Grinder.
Natasha stares at you and mumbles some strange words.
You easily resist.
Grinder zaps a wand.
The puff of flame hits you!
* * * LOW HITPOINT WARNING * * *
The kobold barely misses you.
Your hound bites Grinder. 😨 HP[-5] MP[-4]
You take 5 damage, and now have 9/28 hp.
You lost 4 mp, and now have 5/10 mp.
Unknown command.
Okay, then.
Casting: Call Canine Familiar (dangerous; 3% risk of failure)
Confirm with . or Enter, or press ? or * to list all spells.
Okay, then.
You aren't carrying any items that you can evoke.
Okay, then.
You closely miss Grinder.
You bite Grinder, but do no damage. "Go forth and cause havoc, mortal!"
Magic courses through your body.
You are now a very special plaything of Xom.
Your hound barely misses Grinder.
The kobold misses you. Grinder hits you but does no damage.
Your hound barely misses Grinder. 😨 HP[+1] MP[+5]
Your mp is fully restored (10).
Unknown command.
Unknown command.
You barely miss Natasha. Natasha claws you.
* * * LOW HITPOINT WARNING * * *
Your hound bites Grinder.
The kobold hits you with a +0 dagger.
* * * LOW HITPOINT WARNING * * *
Grinder hits you.
* * * LOW HITPOINT WARNING * * *
You writhe in agony.
* * * LOW HITPOINT WARNING * * *
Natasha barely misses you.
Your hound bites Grinder but does no damage. 😱 HP[-6] MP[-6]
You take 6 damage, and now have 4/28 hp.
MASSIVE DAMAGE!! (PAUSE)
You lost 6 mp, and now have 4/10 mp.
Unknown command.
Unknown command.
Unknown command.
You hit Natasha.
Natasha is poisoned.
Your bite misses Natasha. The kobold closely misses you.
Grinder hits you but does no damage.
Your hound completely misses Grinder.
Natasha claws you but does no damage. 😱 HP[+1]
You thump Natasha!
You kill Natasha!
You feel Natasha's spirit has finally been put to rest.
Your hound closely misses Grinder.
The kobold hits you with a +0 dagger.
* * * LOW HITPOINT WARNING * * *
Grinder zaps a wand.
The puff of flame hits you!
* * * LOW HITPOINT WARNING * * *
Your hound closely misses Grinder.
The kobold barely misses you. Grinder hits you.
You die...
Xom is highly amused!

Skill      XL: |  1  2  3  4  5 |
---------------+----------------+-----
Summonings     | 5 6 7 |  7.2
Dodging        | |  1.5
Stealth        | |  2.4
Spellcasting   | |  2.1

Action                   |  1- 3 |  4- 6 || total
-------------------------+-------+-------++-------
Melee: Club              |    42 |       ||    42
       Unarmed           |     3 |       ||     3
       Bite              |    13 |    13 ||    26
       Whip              |    15 |    15 ||    30
       Quarterstaff      |       |    34 ||    34
       Punch             |       |     1 ||     1
 Cast: Summon Small Mamm |    29 |    18 ||    47
       Call Canine Famil |     2 |    11 ||    13
 Stab: Sleeping          |     1 |       ||     1
       Distracted        |       |     1 ||     1
Armor: Robe              |    11 |    14 ||    25
Dodge: Dodged            |    48 |    35 ||    83

Levels and vault maps discovered:
D:1:      dpeg_arrival_connections, layout_basic, nicolae_ecumenical_lake_church
D:2:      layout_basic, basic_altar, serial_curves, eino_curves_02,
          eino_curves_04, skrybe_limestone_x, minmay_misc_feat_hallway,
          uniq_crazy_yiuf_cottage
D:3:      layout_rooms, solitary_fountain, uniq_grinder, uniq_terence,
          uniq_natasha

Notes
Turn   | Place    | Note
-------+----------+-------------------------------------------
     0 | D:1      | spaghetti the Vine Stalker Summoner began the quest for the
                  | Orb.
     0 | D:1      | Reached XP level 1. HP: 9/9 MP: 4/4
     0 | D:1      | magus.rc [v1.9.6]
   231 | D:1      | Reached XP level 2. HP: 13/13 MP: 6/6
   741 | D:1      | Found a faded altar of an unknown god.
  1459 | D:1      | Prayed at the altar of an unknown god.
  1459 | D:1      | Became a worshipper of Xom of Chaos
  1613 | D:2      | Found a stormy altar of Qazlal.
  1789 | D:2      | You add the spells Alistair's Intoxication, Borgnjor's Vile
                  | Clutch and Eringya's Noxious Bog to your library.
  1805 | D:2      | XOM: silly message
  1808 | D:2      | Reached XP level 3. HP: 15/16 MP: 7/7
  1814 | D:2      | Learned a level 3 spell: Call Canine Familiar
  1819 | D:2      | Reached skill level 5 in Summonings
  1908 | D:2      | Gained mutation: Your natural rate of healing is unusually
                  | fast. [Vine Stalker growth]
  1908 | D:2      | Reached XP level 4. HP: 14/21 MP: 4/8
  2241 | D:2      | XOM: cloud trail
  2417 | D:2      | Found a runed translucent door.
  2418 | D:2      | Noticed Crazy Yiuf
  2541 | D:2      | HP: 5/21 [Crazy Yiuf/+3 quarterstaff of chaos (16)]
  2579 | D:2      | XOM: silly message
  2587 | D:2      | Killed Crazy Yiuf
  2588 | D:2      | Reached skill level 6 in Summonings
  2798 | D:3      | Reached XP level 5. HP: 24/24 MP: 7/9
  2849 | D:3      | Noticed Terence
  2860 | D:3      | Killed Terence
  2957 | D:3      | You pick up a book of Vapours and begin reading...
  2957 | D:3      | You add the spells Poisonous Vapours and Corpse Rot to your
                  | library.
  3076 | D:3      | Noticed Natasha
  3084 | D:3      | Killed Natasha
  3085 | D:3      | Reached skill level 7 in Summonings
  3213 | D:3      | Reached XP level 6. HP: 28/28 MP: 10/10
  3218 | D:3      | XOM: silly message
  3222 | D:3      | XOM: silly message
  3349 | D:3      | Noticed Natasha
  3353 | D:3      | Killed Natasha
  3358 | D:3      | Noticed Grinder
  3368 | D:3      | XOM: potion effect (magic)
  3368 | D:3      | Noticed Natasha
  3370 | D:3      | XOM: potion effect (magic)
  3371 | D:3      | HP: 6/28 [Grinder (2)]
  3373 | D:3      | Killed Natasha
  3373 | D:3      | HP: 1/28 [Grinder/puff of flame (4)]
  3373 | D:3      | Slain by Grinder

Vanquished Creatures
  Terence (D:3)
  Natasha (thrice) (D:3)
  9 adders
  A white imp (D:3)
  An orc (D:3)
  2 endoplasms
  3 giant cockroaches (D:1)
  2 goblins (D:1)
  2 hobgoblins (D:2)
  4 jackals
  6 ball pythons
  4 frilled lizards
  2 kobolds
40 creatures vanquished.

Vanquished Creatures (collateral kills)
  Crazy Yiuf (D:2)
  An adder (D:3)
  3 endoplasms
  3 jackals
  A kobold (D:1)
  A frilled lizard (D:1)
  2 goblins (D:1)
12 creatures vanquished.

Grand Total: 52 creatures vanquished

Table legend:
 A = Non-vault XP
 B = Vault XP
 C = Vault XP percentage of total XP
 D = Non-vault monster count
 E = Vault monster count
 F = Vault count percentage of total count
                 A         B        C        D         E       F
            +---------+---------+-------+---------+---------+-------
      Total |     274 |     116 |  29.7 |      49 |       3 |   5.8
            +---------+---------+-------+---------+---------+-------
        D:1 |      30 |       0 |   0.0 |      19 |       0 |   0.0
        D:2 |      90 |      42 |  31.8 |      19 |       1 |   5.0
        D:3 |     154 |      74 |  32.5 |      11 |       2 |  15.4
            +---------+---------+-------+---------+---------+-------

Illustrated notes

Table legend:
 A = Kills in this place as a percentage of kills in entire the game.
 B = Kills by you in this place as a percentage of kills by you in the entire game.
 C = Kills by friends in this place as a percentage of kills by friends in the entire game.
 D = Other kills in this place as a percentage of other kills in the entire game.
 E = Experience gained in this place as a percentage of experience gained in the entire game.
 F = Experience gained in this place divided by the number of levels of this place that you have seen.
                   A       B       C       D       E      F
               +-------+-------+-------+-------+-------+----------------------
         Total | 100.0 | 100.0 | 100.0 |   N/A | 100.0 | 130.0
       Dungeon | 100.0 | 100.0 | 100.0 |   N/A | 100.0 | 130.0
               +-------+-------+-------+-------+-------+----------------------

Table legend: (Time is in decaauts)
 A = Elapsed time spent in this place.
 B = Non-inter-level travel time spent in this place.
 C = Inter-level travel time spent in this place.
 D = Time resting spent in this place.
 E = Time spent auto-exploring this place.
 F = Levels seen in this place.
 G = Mean time per level.
                   A        B        C        D        E       F      G
               +--------+--------+--------+--------+--------+-----+--------+
         Total |   3397 |   3259 |    138 |    178 |   2572 |   3 | 1132.3 |
       Dungeon |   3397 |   3259 |    138 |    178 |   2572 |   3 | 1132.3 |
               +--------+--------+--------+--------+--------+-----+--------+

Top non-repeatable levels by time:
     D:1: 1567 daAuts
     D:2: 1219 daAuts
     D:3: 610 daAuts
